Map: Habitation Station LE (Void)

Players

Musumeci - Winner!

  • Race: Zerg Zerg
  • League: Diamond
  • Spawn Location: 1:00

crapo

  • Race: Protoss Protoss
  • League: Diamond
  • Spawn Location: 11:00

VOD

Have the link to the VOD?

Description

Time

  • Played on: Jan. 15, 2017, 2:07 p.m.
  • Length: 7:30
Show
View Real Time Build Order
Export as new Build Order

Musumeci Zerg - Winner!

Build Orders: Pool First 

Get SALT Encoding   

  12  0:03  Drone  
  13  0:08  Drone  
  14  0:20  Drone, Extractor  
  15  0:25  Overlord  
  15  0:43  Drone x2  
  17  0:55  Spawning Pool  
  16  0:58  Extractor  
  15  1:13  Hatchery  
  15  1:16  Drone  
  15  1:20  Drone  
  15  1:24  Drone  
  17  1:41  Queen  
  19  1:50  Drone  
  19  1:51  Drone x2, Extractor  
  22  2:10  Extractor  
  22  2:15  Zergling x2  
  22  2:16  Metabolic Boost  
  22  2:24  Queen  
  24  2:31  Zergling x6  
  26  2:52  Drone  
  27  3:00  Drone  
  27  3:07  Zergling x4  
  28  3:17  Overlord  
  28  3:19  Overlord  
  28  3:21  Overlord  
  28  3:29  Hatchery  
  28  3:31  Zergling x2  
  28  3:39  Zergling x6  
  28  3:40  Zergling x2  
  32  3:58  Drone  
  32  3:59  Drone x6  
  37  4:14  Drone  
  37  4:15  Drone x6  
  43  4:31  Drone x3  
  43  4:39  Drone  
  43  4:41  Queen  
  46  4:48  Spore Crawler  
  46  4:50  Spore Crawler  
  42  4:53  Zergling x2  
  42  4:54  Zergling x8  
  42  4:59  Extractor x2  
  45  5:00  Lair  
  45  5:02  Drone x2  
  45  5:04  Extractor  
  45  5:06  Drone  
  47  5:07  Spore Crawler  
  47  5:12  Zergling x2  
  47  5:17  Drone x2  
  49  5:23  Drone  
  50  5:30  Zergling x4  
  50  5:35  Evolution Chamber  
  51  5:43  Drone x7  
  57  5:53  Drone  
  58  6:02  Hydralisk Den  
  58  6:03  Drone  
  58  6:05  Overlord x5, Extractor  
  58  6:06  Extractor  
  56  6:16  Drone  
  56  6:17  Drone x4  
  57  6:23  Drone x3  
  57  6:24  Drone x3  
  60  6:29  Drone, Spore Crawler  
  60  6:30  Drone, Spore Crawler x2  
  60  6:32  Drone  
  60  6:34  Drone  
  60  6:35  Drone  
  62  6:54  Overlord  
  62  6:58  Hydralisk  
  62  6:59  Hydralisk x5  
  74  7:12  Drone x3  
  74  7:13  Drone x3  
Show
View Real Time Build Order
Export as new Build Order

crapo Protoss 

Build Orders:  

Get SALT Encoding   

  12  0:01  Probe (Chrono Boost)  
  13  0:11  Probe (Chrono Boost)  
  14  0:18  Pylon  
  14  0:22  Probe (Chrono Boost)  
  15  0:36  Probe (Chrono Boost)  
  15  0:40  Gateway  
  16  0:46  Assimilator  
  16  0:49  Probe (Chrono Boost)  
  17  1:00  Probe (Chrono Boost)  
  17  1:04  Gateway  
  17  1:10  Probe (Chrono Boost)  
  18  1:21  Probe (Chrono Boost)  
  19  1:27  Cybernetics Core  
  19  1:35  Pylon  
  19  1:37  Probe (Chrono Boost)  
  20  1:47  Probe (Chrono Boost)  
  21  1:58  Probe (Chrono Boost)  
  22  2:05  Adept x2  
  26  2:23  Nexus  
  26  2:31  Mothership Core (Chrono Boost)  
  26  2:32  Warp Gate  
  28  2:46  Assimilator  
  28  2:49  Probe (Chrono Boost)  
  28  2:59  Gateway  
  28  3:00  Probe (Chrono Boost)  
  29  3:10  Adept, Probe (Chrono Boost)  
  30  3:21  Probe (Chrono Boost)  
  31  3:33  Stargate  
  31  3:35  Pylon, Probe (Chrono Boost)  
  31  3:38  Probe (Chrono Boost)  
  33  3:43  Assimilator  
  33  3:45  Probe (Chrono Boost)  
  34  3:49  Pylon  
  34  3:56  Adept, Probe (Chrono Boost)  
  37  4:06  Probe (Chrono Boost)  
  38  4:10  Adept  
  38  4:14  Pylon  
  35  4:25  Pylon  
  35  4:38  Pylon  
  34  4:43  Probe x2 (Chrono Boost)  
  36  4:47  Oracle  
  39  4:54  Probe x2 (Chrono Boost)  
  41  5:04  Probe x2 (Chrono Boost)  
  43  5:07  Pylon  
  43  5:15  Probe x2 (Chrono Boost)  
  45  5:25  Probe x2 (Chrono Boost)  
  47  5:30  Void Ray  
  51  5:36  Probe x2 (Chrono Boost)  
  51  5:37  Pylon  
  53  5:43  Adept  
  53  5:46  Probe (Chrono Boost)  
  53  5:47  Probe (Chrono Boost)  
  57  5:54  Adept  
  57  5:56  Sentry  
  62  5:57  Probe x2 (Chrono Boost)  
  63  6:07  Probe (Chrono Boost)  
  63  6:08  Probe (Chrono Boost)  
  65  6:18  Probe x2 (Chrono Boost)  
  63  6:20  Adept  
  63  6:21  Adept x2  
  67  6:28  Probe (Chrono Boost)  
  67  6:29  Probe (Chrono Boost)  
  69  6:32  Assimilator  
  69  6:39  Probe x2 (Chrono Boost)  
  71  6:50  Probe x2 (Chrono Boost)  
  71  6:51  Sentry x2  
  77  7:00  Pylon, Probe (Chrono Boost)  
  78  7:18  Probe x2 (Chrono Boost)  
  78  7:21  Fleet Beacon  
  80  7:23  Nexus  
Tags
 
Add a new tag
Caveats
  • Supply blocks, unpowered buildings, or Contaminate may cause inaccurate times.
  • Supply counts are checked every 10 seconds.